[Event "Titled Tuesday Blitz June 27 Late 2023"]
[White "Carlsen, Magnus"]
[Black "Bortnyk, Olexandr"]
[WhiteFideId "1503014"]
[BlackFideId "14120828"]
[WhiteElo "3300"]
[BlackElo "2999"]
[Result "1/2-1/2"]
[Round "7"]
[TimeControl "180+2"]
[Date "2023.06.27"]
[WhiteClock "0:00:20"]
[BlackClock "0:00:05"]
[Board "1"]

1. d4 Nf6 2. Nf3 b6 3. g3 Bb7 4. Bg2 g6 5. c4 Bg7 6. O-O O-O 7. h4 d6 8. Nc3 Ne4 9. Nxe4 Bxe4 10. h5 c5 11. h6 Bh8 12. Be3 Nc6 13. d5 Bxf3 14. exf3 Nd4 15. Re1 Qd7 16. a4 Rae8 17. f4 Nf5 18. Bh3 Bxb2 19. Ra2 Bf6 20. Qd3 e6 21. dxe6 Qxe6 22. a5 Qe4 23. Qxe4 Rxe4 24. Bxf5 gxf5 25. Rd1 Rd8 26. axb6 axb6 27. Rd5 Rxc4 28. Rxf5 Be7 29. Ra7 Kf8 30. Rb7 d5 31. Re5 Bf6 32. Rg5 d4 33. Rf5 Rd6 34. Bd2 Rc2 35. g4 Rxd2 36. g5 Be7 37. Re5 Bd8 38. Rf5 Be7 39. Re5 Bd8 40. Rf5 Be7 1/2-1/2


[Site "https://www.chess.com"]

[Event "Titled Tuesday Blitz June 27 Late 2023"]
[White "Nakamura, Hikaru"]
[Black "Martinez Alcantara, Jose Eduardo"]
[WhiteFideId "2016192"]
[BlackFideId "3805662"]
[WhiteElo "3222"]
[BlackElo "3017"]
[Result "1/2-1/2"]
[Round "7"]
[TimeControl "180+2"]
[Date "2023.06.27"]
[WhiteClock "0:00:14"]
[BlackClock "0:00:24"]
[Board "2"]

1. e4 c5 2. Nf3 d6 3. c3 Nf6 4. Qc2 Nc6 5. d4 g6 6. dxc5 dxc5 7. Be3 Nd7 8. Na3 Bg7 9. Be2 O-O 10. O-O Qc7 11. Rfd1 a6 12. Qc1 b5 13. Bh6 Nf6 14. Bxg7 Kxg7 15. Qe3 Ne5 16. Nxe5 Qxe5 17. f3 Be6 18. Nb1 Rac8 19. Qf2 Rfd8 20. Nd2 g5 21. Qg3 Qxg3 22. hxg3 Rb8 23. Kf2 Nd7 24. Ke3 Nb6 25. b3 f6 26. f4 h6 27. Nf3 Bf7 28. Ne1 c4 29. b4 Na4 30. Rdc1 e5 31. fxe5 fxe5 32. Bd1 Rd6 33. Bxa4 bxa4 34. Rd1 Rbd8 35. Rxd6 Rxd6 36. Rb1 Be8 37. Rc1 a3 38. Ke2 Ba4 39. Nf3 Bc6 40. Nxe5 Bxe4 41. Ke3 Bxg2 42. Nxc4 Rf6 43. Ne5 Re6 44. Kd4 Rd6+ 45. Ke3 Re6 46. Kd4 Rd6+ 47. Ke3 Re6 1/2-1/2


[Site "https://www.chess.com"]

[Event "Titled Tuesday Blitz June 27 Late 2023"]
[White "Sargsyan, Shant"]
[Black "Mikaelyan, Arman"]
[WhiteFideId "13306766"]
[BlackFideId "13304852"]
[WhiteElo "3016"]
[BlackElo "2903"]
[Result "1-0"]
[Round "7"]
[TimeControl "180+2"]
[Date "2023.06.27"]
[WhiteClock "0:00:42"]
[BlackClock "0:00:00"]
[Board "3"]

1. c4 c6 2. Nf3 d5 3. e3 Nf6 4. Nc3 Nbd7 5. cxd5 cxd5 6. b3 e5 7. Bb2 Bd6 8. Nb5 Bb8 9. Ba3 Nb6 10. d4 a6 11. Nc3 e4 12. Ne5 Bd6 13. Bxd6 Qxd6 14. Be2 O-O 15. O-O Nbd7 16. Nxd7 Bxd7 17. Qd2 Rac8 18. Rac1 Rc7 19. Rc2 Rfc8 20. Rfc1 Qb4 21. Bd1 Bg4 22. Nxe4 Rxc2 23. Rxc2 Qxd2 24. Rxc8+ Bxc8 25. Nxd2 Kf8 26. f3 Ke7 27. Bc2 g6 28. Kf2 Ne8 29. e4 dxe4 30. fxe4 Nd6 31. Ke3 b5 32. b4 f6 33. Bb3 Bb7 34. a3 h6 35. g3 Ne8 36. Nb1 Nd6 37. Nc3 Bc6 38. Kd3 Bb7 39. Nd5+ Bxd5 40. Bxd5 Kd7 41. e5 fxe5 42. dxe5 Ne8 43. Bf7 Nc7 44. Bxg6 Na8 45. Bf7 Nb6 46. Bb3 Ke7 47. g4 1-0


[Site "https://www.chess.com"]

[Event "Titled Tuesday Blitz June 27 Late 2023"]
[White "Indjic, Aleksandar"]
[Black "Horvath, Dominik"]
[WhiteFideId "911925"]
[BlackFideId "1642561"]
[WhiteElo "2965"]
[BlackElo "2903"]
[Result "1-0"]
[Round "7"]
[TimeControl "180+2"]
[Date "2023.06.27"]
[WhiteClock "0:00:14"]
[BlackClock "0:00:19"]
[Board "4"]

1. e4 c6 2. d4 d5 3. e5 Bf5 4. h4 h5 5. Bd3 Bxd3 6. Qxd3 Qa5+ 7. Nd2 e6 8. Ne2 Ne7 9. O-O Nf5 10. Nf3 Qa6 11. Qd1 c5 12. c3 Nc6 13. Ng3 g6 14. Nxf5 gxf5 15. Bg5 Rc8 16. a3 Kd7 17. b4 cxd4 18. cxd4 Ne7 19. Bf6 Rh6 20. a4 Qc4 21. b5 Qc2 22. Qe1 Qc3 23. Qe2 Rg6 24. Bg5 Qc2 25. Qe3 Qc3 26. Qf4 Rg8 27. Rac1 Qd3 28. Rxc8 Kxc8 29. Qc1+ Kb8 30. Rd1 Qb3 31. Qa1 Ng6 32. Rb1 Qa3 33. Qxa3 Bxa3 34. Rb3 Bf8 35. g3 Bg7 36. Rc3 Rc8 37. Rxc8+ Kxc8 38. Kf1 Bf8 39. Ke2 a6 40. bxa6 bxa6 41. Bd2 Kd7 42. Kd3 Be7 43. Bg5 Bf8 44. Ng1 Bb4 45. Ne2 Bf8 46. Bd2 Be7 47. Nc1 Ba3 48. Nb3 Kc6 49. Ke2 Be7 50. Kd3 Ba3 51. Ba5 Be7 52. Nc1 Ba3 53. Ne2 Be7 54. Ke3 Bf8 55. Kf3 Bh6 56. Bb4 Bg7 57. Nf4 Nxf4 58. Kxf4 Bh6+ 59. Kf3 Bg7 60. Ke2 Bh6 61. f4 Bg7 62. Kd3 Bh6 63. Kc3 Bg7 64. Kb3 Bh6 65. Bc5 a5 66. Be7 Bg7 67. Bd8 Bf8 68. Bxa5 Be7 69. Kc3 Bf8 70. Bb4 Bg7 71. Bc5 Bh6 72. Kb4 Kb7 73. Kb5 1-0


[Site "https://www.chess.com"]

[Event "Titled Tuesday Blitz June 27 Late 2023"]
[White "Naroditsky, Daniel"]
[Black "Hansen, Eric"]
[WhiteFideId "2026961"]
[BlackFideId "2606771"]
[WhiteElo "3098"]
[BlackElo "2884"]
[Result "1-0"]
[Round "7"]
[TimeControl "180+2"]
[Date "2023.06.27"]
[WhiteClock "0:00:08"]
[BlackClock "0:00:00"]
[Board "5"]

1. d4 Nf6 2. Nc3 d5 3. Bf4 a6 4. e3 c5 5. Nf3 Nc6 6. dxc5 Bg4 7. Be2 e6 8. Na4 Bxc5 9. Nxc5 Qa5+ 10. c3 Qxc5 11. O-O O-O 12. Rc1 Rfd8 13. Bg5 Qe7 14. Nd4 Bxe2 15. Qxe2 Rac8 16. f4 Re8 17. Rf3 e5 18. fxe5 Nxe5 19. Rg3 Ng6 20. Rf1 Qe4 21. Bxf6 gxf6 22. Nf5 Rcd8 23. Qh5 Re5 24. Rh3 Rxf5 25. Qxf5 Qxf5 26. Rxf5 Kg7 27. Rfh5 Nf8 28. R3h4 Rd6 29. Rd4 Rb6 30. Rd2 Re6 31. Kf2 Ng6 32. Rhxd5 Ne5 33. R5d4 f5 34. h3 h5 35. b3 Kg6 36. c4 Kg5 37. h4+ Kf6 38. Rd6 Ng4+ 39. Kf3 Ne5+ 40. Ke2 Ke7 41. Rxe6+ fxe6 42. e4 f4 43. c5 Nc6 44. Kf3 e5 45. Rd6 Nb4 46. Rh6 Nd3 47. Rxh5 Kf6 48. Rh6+ Kg7 49. Re6 Ne1+ 50. Ke2 Nc2 51. Re7+ Kf6 52. Rxb7 1-0


[Site "https://www.chess.com"]

[Event "Titled Tuesday Blitz June 27 Late 2023"]
[White "Holt, Conrad"]
[Black "Pranesh M"]
[WhiteFideId "2034387"]
[BlackFideId "35028600"]
[WhiteElo "2882"]
[BlackElo "3028"]
[Result "0-1"]
[Round "7"]
[TimeControl "180+2"]
[Date "2023.06.27"]
[WhiteClock "0:00:00"]
[BlackClock "0:00:56"]
[Board "6"]

1. d4 Nf6 2. c4 e6 3. Nc3 Bb4 4. Qc2 O-O 5. e4 d5 6. e5 Ne4 7. Bd3 c5 8. Nf3 cxd4 9. Nxd4 Nd7 10. Bf4 Qh4 11. g3 Qh5 12. cxd5 exd5 13. f3 Nec5 14. g4 Nxd3+ 15. Qxd3 Nxe5 16. Qe2 Nxg4 17. fxg4 Bxg4 18. Qd2 Rae8+ 19. Kf2 Bc5 20. Rhe1 Bh3 21. Rg1 Qh4+ 22. Rg3 f6 23. Kg1 g5 24. Na4 Bxd4+ 25. Qxd4 Kh8 26. Be5 fxe5 27. Qxh4 gxh4 28. Rxh3 Rf4 29. Nc5 Rc8 30. Nd3 Rg4+ 31. Kh1 e4 32. Ne5 Rf4 33. Rd1 Rf5 34. Ng4 d4 35. Rxh4 e3 36. Re1 Rf4 37. h3 d3 38. Rxe3 d2 39. Rd3 Rc1+ 40. Kg2 d1=Q 41. Rxd1 Rxd1 42. Kg3 Rdf1 43. Rh5 Rf5 44. Rh6 Kg7 45. Rd6 R1f3+ 46. Kh4 R3f4 47. Kg3 Rf3+ 48. Kg2 h5 49. Rd7+ Rf7 50. Ne5 Rxd7 51. Kxf3 Rd2 52. Nc4 Rc2 53. b3 Rxa2 54. Kf4 Rh2 55. Kg3 Rc2 56. Kh4 Rc3 57. Na5 b6 0-1


[Site "https://www.chess.com"]

[Event "Titled Tuesday Blitz June 27 Late 2023"]
[White "Grischuk, Alexander"]
[Black "Erdogmus, Yagiz Kaan"]
[WhiteFideId "4126025"]
[BlackFideId "44599790"]
[WhiteElo "3022"]
[BlackElo "2874"]
[Result "1-0"]
[Round "7"]
[TimeControl "180+2"]
[Date "2023.06.27"]
[WhiteClock "0:00:16"]
[BlackClock "0:00:12"]
[Board "7"]

1. d4 Nf6 2. Nf3 e6 3. c4 b6 4. g3 Ba6 5. b3 Bb4+ 6. Bd2 Be7 7. Bg2 c6 8. O-O d5 9. Ne5 Nfd7 10. Nd3 dxc4 11. Nb4 cxb3 12. axb3 Bb7 13. Na3 Nf6 14. e3 Nd5 15. Nd3 O-O 16. Nc4 Nd7 17. b4 a6 18. Qb3 Rc8 19. Rfd1 N5f6 20. e4 Re8 21. h3 Bf8 22. Be3 h6 23. Ra2 Ra8 24. Bf4 Qc8 25. Rb2 Ra7 26. Nd6 Bxd6 27. Bxd6 c5 28. bxc5 Bxe4 29. cxb6 Rb7 30. Rc1 Qa8 31. Bxe4 Nxe4 32. Bc7 Nef6 33. Nc5 Nxc5 34. dxc5 Nd5 35. c6 Rxc7 36. bxc7 Nxc7 37. Qb6 Nb5 38. c7 Rc8 39. Rd2 Kf8 40. Rd8+ Ke7 41. Qc5+ Kf6 42. Qf8 Rxc7 43. Rxa8 Rxc1+ 44. Kg2 Rc7 45. Rxa6 h5 46. Rb6 Nc3 47. Qd8+ Kg6 48. Qxc7 Nd5 49. Qc2+ Kh6 50. Rb5 g6 51. Rxd5 exd5 52. Qd2+ Kg7 53. Qxd5 g5 54. Qxg5+ Kf8 55. Qxh5 f5 56. Qh7 f4 57. gxf4 Ke8 58. f5 Kd8 59. f6 Kc8 60. Qg7 Kb8 61. h4 Ka8 62. h5 Kb8 63. h6 Ka8 64. h7 Kb8 65. h8=Q# 1-0


[Site "https://www.chess.com"]

[Event "Titled Tuesday Blitz June 27 Late 2023"]
[White "Krzyzanowski, Marcin"]
[Black "Terry, Renato"]
[WhiteFideId "1132199"]
[BlackFideId "3803457"]
[WhiteElo "2847"]
[BlackElo "3008"]
[Result "0-1"]
[Round "7"]
[TimeControl "180+2"]
[Date "2023.06.27"]
[WhiteClock "0:00:03"]
[BlackClock "0:01:28"]
[Board "8"]

1. Nf3 d5 2. g3 Nf6 3. Bg2 c6 4. O-O Bg4 5. c4 dxc4 6. Ne5 Be6 7. Qc2 Qd4 8. Nf3 Qe4 9. Qxe4 Nxe4 10. Nd4 Bd5 11. f3 Nf6 12. e4 e5 13. exd5 exd4 14. Re1+ Kd7 15. dxc6+ Nxc6 16. b3 Nb4 17. bxc4 Nc2 18. Bh3+ Kc7 19. d3 Nxe1 20. Bf4+ Bd6 21. Na3 Bxf4 22. Nb5+ Kb6 23. gxf4 Nxd3 24. Rb1 Kc5 25. Nc7 Rab8 26. Rb5+ Kc6 27. Nd5 Nxd5 28. Rxd5 Nxf4 29. Bd7+ Kc7 0-1


[Site "https://www.chess.com"]

[Event "Titled Tuesday Blitz June 27 Late 2023"]
[White "Tiglon, Bryce"]
[Black "Korobov, Anton"]
[WhiteFideId "2087456"]
[BlackFideId "14105730"]
[WhiteElo "2808"]
[BlackElo "2984"]
[Result "0-1"]
[Round "7"]
[TimeControl "180+2"]
[Date "2023.06.27"]
[WhiteClock "0:00:03"]
[BlackClock "0:01:30"]
[Board "9"]

1. Nf3 d5 2. e3 Nf6 3. d4 a6 4. b3 Bf5 5. Bb2 e6 6. Bd3 Bd6 7. O-O O-O 8. c4 c6 9. Bxf5 exf5 10. cxd5 cxd5 11. Ba3 Nc6 12. Bxd6 Qxd6 13. Nc3 Rfe8 14. Rc1 Rad8 15. Ne2 Ne4 16. Nf4 g5 17. Nd3 f6 18. Nc5 Re7 19. Qc2 Nb4 20. Qe2 f4 21. a3 Nc6 22. b4 fxe3 23. fxe3 Rde8 24. Qc2 Nd8 25. Qb3 Nf7 26. Nxe4 Rxe4 27. Rc3 Qe6 28. Kf2 Nd6 29. Nd2 Rh4 30. Rc5 b6 31. Rxd5 Kg7 32. Rc1 Rxh2 33. Rc7+ Kh6 34. Nf3 Ne4+ 35. Kg1 Rxg2+ 36. Kxg2 Qg4+ 37. Kh2 Qg3+ 38. Kh1 Qxf3+ 39. Kh2 Qf2+ 40. Kh1 Ng3# 0-1


[Site "https://www.chess.com"]

[Event "Titled Tuesday Blitz June 27 Late 2023"]
[White "Yoo, Christopher Woojin"]
[Black "Cruz, Jonathan"]
[WhiteFideId "30909694"]
[BlackFideId "3802124"]
[WhiteElo "2981"]
[BlackElo "2784"]
[Result "1-0"]
[Round "7"]
[TimeControl "180+2"]
[Date "2023.06.27"]
[WhiteClock "0:00:13"]
[BlackClock "0:00:00"]
[Board "10"]

1. d4 Nf6 2. Nf3 g6 3. c4 Bg7 4. g3 O-O 5. Bg2 c6 6. O-O d5 7. b3 Ne4 8. Bb2 Na6 9. Nc3 Nxc3 10. Bxc3 Nc5 11. Nd2 dxc4 12. Nxc4 Ne6 13. Ne5 Qd6 14. f4 Rd8 15. e3 c5 16. d5 Nc7 17. Nc4 Qa6 18. Bxg7 Kxg7 19. e4 Nb5 20. Rc1 Nd4 21. Rf2 f5 22. e5 Bd7 23. d6 e6 24. b4 b6 25. bxc5 bxc5 26. Bxa8 Rxa8 27. Ne3 Rc8 28. Rc3 Bb5 29. a4 Ne2+ 30. Rxe2 Bxe2 31. Qc2 Bf3 32. Nxf5+ gxf5 33. Rxf3 c4 34. Rc3 Qb6+ 35. Kg2 Qd4 36. Qb2 Qd5+ 37. Kh3 Kg6 38. Qb5 Qd1 39. Qb2 Qg4+ 40. Kg2 Qd1 41. Qf2 Qd5+ 42. Qf3 Qd2+ 43. Kh3 h5 44. Qb7 Qd1 45. Rf3 1-0


[Site "https://www.chess.com"]

[Event "Titled Tuesday Blitz June 27 Late 2023"]
[White "Makridis, Dimitrios"]
[Black "Sjugirov, Sanan"]
[WhiteFideId "25864475"]
[BlackFideId "4189302"]
[WhiteElo "2743"]
[BlackElo "2953"]
[Result "1/2-1/2"]
[Round "7"]
[TimeControl "180+2"]
[Date "2023.06.27"]
[WhiteClock "0:00:05"]
[BlackClock "0:00:05"]
[Board "11"]

1. e4 c5 2. Nf3 Nc6 3. Bb5 g6 4. O-O Bg7 5. c3 Nf6 6. Re1 O-O 7. d4 d5 8. e5 Ne4 9. Bxc6 bxc6 10. Be3 Rb8 11. Qc1 cxd4 12. cxd4 Bf5 13. Nbd2 Qb6 14. b3 f6 15. h3 g5 16. Nxe4 Bxe4 17. Nd2 Bg6 18. exf6 exf6 19. a3 h6 20. b4 Rbe8 21. Nb3 f5 22. Nc5 Re7 23. Qb2 f4 24. Bd2 Rfe8 25. Rxe7 Rxe7 26. Re1 Qd8 27. Rxe7 Qxe7 28. Bc3 h5 29. Qd2 Kf7 30. Nd3 Qe4 31. Ne5+ Bxe5 32. dxe5 g4 33. hxg4 hxg4 34. Qe1 Qf5 35. Bd4 a6 36. Qc3 Qd7 37. Qc5 Be4 38. Qd6 Qxd6 39. exd6 Ke6 40. Bc5 f3 41. gxf3 gxf3 42. Kf1 Bd3+ 43. Ke1 Be2 44. Kd2 Kd7 45. Ke3 Bd1 46. Kd4 Be2 47. Ke5 Bd1 48. Kf4 Be2 49. a4 Bd1 50. a5 Be2 51. Ke5 Bd1 52. Bd4 1/2-1/2


[Site "https://www.chess.com"]

[Event "Titled Tuesday Blitz June 27 Late 2023"]
[White "Rasulov, Vugar"]
[Black "Mihajlov, Sebastian"]
[WhiteFideId "13402390"]
[BlackFideId "1512110"]
[WhiteElo "2937"]
[BlackElo "2733"]
[Result "1/2-1/2"]
[Round "7"]
[TimeControl "180+2"]
[Date "2023.06.27"]
[WhiteClock "0:00:07"]
[BlackClock "0:00:14"]
[Board "12"]

1. e4 e6 2. d3 d5 3. Nd2 Nc6 4. g3 e5 5. exd5 Qxd5 6. Ngf3 f6 7. Bg2 Be6 8. O-O Qd7 9. a3 a5 10. Re1 Bc5 11. Nb3 Bxb3 12. cxb3 Nge7 13. Qc2 Bb6 14. Be3 Bxe3 15. fxe3 O-O-O 16. Rad1 Kb8 17. d4 Qg4 18. dxe5 fxe5 19. Rxd8+ Rxd8 20. Qxh7 e4 21. Nd4 Nxd4 22. exd4 Nf5 23. Bxe4 Nxg3 24. hxg3 Qxg3+ 25. Kf1 Rf8+ 26. Ke2 Rf2+ 27. Kd1 Qxb3+ 28. Bc2 Qxb2 29. Qd3 Rf4 30. Re4 Rf2 31. d5 Qa1+ 32. Bb1 Rb2 33. Kc1 Rh2 34. Re1 Qb2+ 35. Kd1 Rh4 36. Qc2 Rd4+ 37. Ke2 Qxa3 38. Rf1 Qe7+ 39. Kf3 Qf6+ 40. Qf5 Qxf5+ 41. Bxf5 Rxd5 42. Ke4 c6 43. Rg1 Rb5 44. Rxg7 Rb4+ 45. Kd3 Ka7 46. Kc3 Rb5 47. Bc8 Rb4 48. Bd7 Kb6 49. Bc8 Ka7 50. Bd7 Kb6 51. Bh3 Kc5 52. Rg5+ Kb6 53. Be6 Rh4 54. Rg7 Rb4 55. Bc4 Kc5 56. Bd3 b5 57. Rg5+ Kb6 58. Rg6 Rh4 59. Bf5 Rc4+ 60. Kb2 a4 61. Be6 Rc5 62. Bd7 b4 63. Be6 Kb5 64. Bg4 a3+ 65. Kb1 b3 66. Be2+ Kb4 67. Rg4+ Kc3 68. Rg3+ Kb4 69. Rg4+ Kc3 70. Rg3+ Kd2 71. Rxb3 Kxe2 72. Rxa3 Kd2 73. Rh3 Rb5+ 74. Ka2 c5 75. Rh2+ Kd3 76. Rh3+ Kd4 77. Rh4+ Kc3 78. Rh3+ Kd2 79. Rh2+ Ke3 80. Rh3+ Kd4 81. Rh4+ Kd5 82. Rh5+ Kc6 83. Rh6+ Kb7 84. Rh5 Kb6 85. Rh6+ Ka5 86. Rh4 Rb4 87. Rxb4 Kxb4 88. Kb2 c4 89. Kc2 c3 90. Kc1 Kb3 91. Kb1 c2+ 92. Kc1 Kc3 1/2-1/2


[Site "https://www.chess.com"]

[Event "Titled Tuesday Blitz June 27 Late 2023"]
[White "Fernandez Guillen, Ernesto J."]
[Black "Chigaev, Maksim"]
[WhiteFideId "3512428"]
[BlackFideId "4108116"]
[WhiteElo "2712"]
[BlackElo "2923"]
[Result "1-0"]
[Round "7"]
[TimeControl "180+2"]
[Date "2023.06.27"]
[WhiteClock "0:01:28"]
[BlackClock "0:00:11"]
[Board "13"]

1. e4 e6 2. Nf3 d5 3. Nc3 Nf6 4. e5 Nfd7 5. d4 c5 6. Ne2 cxd4 7. Nexd4 Nc6 8. Nxc6 bxc6 9. Bd3 Be7 10. O-O O-O 11. Re1 a5 12. c3 Ba6 13. Bc2 Rb8 14. Qd4 g6 15. h4 Re8 16. h5 Bf8 17. Ng5 Bg7 18. Qf4 Qe7 19. hxg6 fxg6 20. Qh2 Nf8 21. b3 c5 22. Re3 d4 23. Rh3 Rbd8 24. c4 h6 25. Ne4 g5 26. Nf6+ Bxf6 27. exf6 Qxf6 28. Rxh6 Qg7 29. Rh5 1-0


[Site "https://www.chess.com"]

[Event "Titled Tuesday Blitz June 27 Late 2023"]
[White "Gokerkan, Cem Kaan"]
[Black "Rustemov, Alexander"]
[WhiteFideId "6336760"]
[BlackFideId "4119002"]
[WhiteElo "2711"]
[BlackElo "2890"]
[Result "0-1"]
[Round "7"]
[TimeControl "180+2"]
[Date "2023.06.27"]
[WhiteClock "0:00:00"]
[BlackClock "0:00:08"]
[Board "14"]

1. e4 e6 2. d4 d5 3. Nc3 dxe4 4. Nxe4 Bd7 5. Nf3 Bc6 6. Bd3 Nd7 7. O-O Ngf6 8. Ned2 Be7 9. Re1 O-O 10. c3 b6 11. Qe2 Bb7 12. Nc4 c5 13. Bf4 cxd4 14. Nxd4 Nc5 15. Bc2 Qd5 16. Ne3 Qh5 17. Qxh5 Nxh5 18. Be5 Rfd8 19. h3 Bf6 20. Ng4 Bxe5 21. Nxe5 Nf4 22. f3 f6 23. Nec6 Rd6 24. Nb4 a5 25. a3 axb4 26. axb4 Rxa1 27. Rxa1 Ncd3 28. Ra7 Bd5 29. g3 Nxh3+ 30. Kg2 Nhf2 31. Nb5 Rd8 32. Ra6 Rb8 33. Nc7 Bc4 34. Ra7 Ne1+ 35. Kxf2 Nxc2 36. b5 h5 37. f4 Kh7 38. Kf3 Kg6 39. Ke4 Rd8 40. Rb7 Rd6 41. Ne8 Bd5+ 42. Kd3 Ne1+ 43. Ke2 Rd8 44. Rxg7+ Kh6 45. Re7 Nf3 46. Nxf6 Nh2 47. Kf2 Ng4+ 48. Nxg4+ hxg4 49. Ke3 Kg6 50. Kd4 Rh8 51. Ke5 Rh5+ 52. Kd6 Rh3 53. Ke5 Rxg3 54. f5+ exf5 55. Kxd5 f4 56. Ke4 Re3+ 0-1


[Site "https://www.chess.com"]

[Event "Titled Tuesday Blitz June 27 Late 2023"]
[White "Firouzja, Alireza"]
[Black "Mekhitarian, Krikor Sevag"]
[WhiteFideId "12573981"]
[BlackFideId "2107660"]
[WhiteElo "3108"]
[BlackElo "2863"]
[Result "1/2-1/2"]
[Round "7"]
[TimeControl "180+2"]
[Date "2023.06.27"]
[WhiteClock "0:00:08"]
[BlackClock "0:00:11"]
[Board "15"]

1. d4 Nf6 2. Bg5 d5 3. e3 c5 4. Bxf6 gxf6 5. dxc5 e6 6. c4 dxc4 7. Nd2 c3 8. bxc3 Bxc5 9. Qh5 Be7 10. Ngf3 Nd7 11. Nd4 O-O 12. Bd3 f5 13. g4 Nf6 14. Qh6 Kh8 15. h3 Rg8 16. N2f3 Rg6 17. Qf4 Nd5 18. Qh2 Bd6 19. Ne5 Rg7 20. Nb5 Bb8 21. Rd1 f6 22. c4 Bxe5 23. f4 Nxe3 24. Rd2 Bb8 25. Qf2 a6 26. Bxf5 Qe7 27. Qxe3 axb5 28. Bb1 bxc4 29. Qe4 Ra5 30. Re2 Bd6 31. O-O f5 32. Qxc4 Rc5 33. Qd4 fxg4 34. hxg4 Rd5 35. Qc3 Qc7 36. Qf3 Qc5+ 37. Kg2 Qc6 38. Be4 Qc5 39. Bxd5 Qxd5 40. Qxd5 exd5 41. g5 Bf5 42. Rd1 Bxf4 43. Rxd5 Rxg5+ 44. Kf3 Bg4+ 45. Kxf4 Rxd5 46. Kxg4 Ra5 47. Re7 b6 48. Rb7 Rb5 49. a4 Ra5 50. Rxb6 Rxa4+ 51. Kg5 Ra7 52. Kh6 Ra8 53. Re6 Rg8 54. Re7 Rg6+ 55. Kh5 Rg7 56. Re6 Rf7 57. Kh6 Rf8 58. Re7 Rf6+ 59. Kg5 Rg6+ 60. Kf5 Kg8 61. Rd7 Rg1 62. Kf6 Rf1+ 63. Kg5 Rg1+ 64. Kh6 Rh1+ 65. Kg5 Rg1+ 66. Kh6 Rh1+ 67. Kg5 Ra1 68. Kh6 Ra6+ 69. Kh5 Rg6 70. Rd8+ Kg7 71. Rd7+ Kg8 72. Rd8+ Kg7 73. Rd7+ Kg8 1/2-1/2


[Site "https://www.chess.com"]

[Event "Titled Tuesday Blitz June 27 Late 2023"]
[White "Bluebaum, Matthias"]
[Black "Perez Ponsa, Federico"]
[WhiteFideId "24651516"]
[BlackFideId "117927"]
[WhiteElo "3060"]
[BlackElo "2803"]
[Result "1/2-1/2"]
[Round "7"]
[TimeControl "180+2"]
[Date "2023.06.27"]
[WhiteClock "0:02:02"]
[BlackClock "0:00:54"]
[Board "16"]

1. d4 Nf6 2. c4 g6 3. Nc3 Bg7 4. e4 d6 5. Nf3 O-O 6. Be2 e5 7. Be3 exd4 8. Nxd4 Re8 9. f3 c6 10. Qd2 d5 11. exd5 cxd5 12. O-O Nc6 13. Rad1 Nxd4 14. Bxd4 dxc4 15. Bxc4 Be6 16. Bb5 Rf8 17. Qf2 Qa5 18. Qh4 Nh5 19. Bd7 Bxd4+ 20. Rxd4 Bxd7 21. Rxd7 Qb6+ 22. Qf2 Qxf2+ 23. Kxf2 b6 24. Re1 Nf6 25. Rb7 Rfb8 26. Ree7 Rxb7 27. Rxb7 Ne8 28. Ne4 Kf8 29. g4 h6 30. h4 Rc8 31. Rxa7 Rc2+ 32. Ke3 Rxb2 33. Kf4 Rb4 34. g5 hxg5+ 35. hxg5 Nd6 36. Ke5 Nxe4 37. fxe4 Rb1 38. a4 Rg1 39. Rb7 Kg7 40. Kf4 Rf1+ 41. Ke5 Ra1 42. Rxb6 Rxa4 43. Kf4 Ra1 44. Rb7 Rf1+ 45. Ke5 Rg1 46. Kf4 Rf1+ 47. Ke5 Rg1 48. Kf4 Rf1+ 1/2-1/2


[Site "https://www.chess.com"]

[Event "Titled Tuesday Blitz June 27 Late 2023"]
[White "Leitao, Rafael"]
[Black "Andreikin, Dmitry"]
[WhiteFideId "2101246"]
[BlackFideId "4158814"]
[WhiteElo "2790"]
[BlackElo "3018"]
[Result "1-0"]
[Round "7"]
[TimeControl "180+2"]
[Date "2023.06.27"]
[WhiteClock "0:00:05"]
[BlackClock "0:00:14"]
[Board "17"]

1. c4 e5 2. Nc3 d6 3. Nf3 f5 4. d4 e4 5. Ng5 c6 6. Nh3 Be7 7. Nf4 Nf6 8. e3 Na6 9. b3 O-O 10. Bb2 Nc7 11. Be2 d5 12. h4 Ne6 13. Nh3 a6 14. Qc2 b5 15. c5 Bd7 16. O-O-O a5 17. f3 a4 18. b4 a3 19. Ba1 exf3 20. gxf3 Nh5 21. Bd3 Kh8 22. Rdg1 f4 23. Bxh7 fxe3 24. Ne2 Rxf3 25. Ng5 Rf2 26. Bg6 Nef4 27. Nf7+ Kg8 28. Nxd8 Nxe2+ 29. Kb1 Nxg1 30. Bh7+ Kf8 31. Qg6 Bf5+ 32. Qxf5+ Rxf5 33. Bxf5 Rxd8 34. Rxg1 Bxh4 35. Bg4 Bf2 36. Rh1 Ng3 37. Rh2 Ke7 38. Kc2 Kf6 39. Bc3 Ne4 40. Bf3 Kf5 41. Rg2 g5 42. Bg4+ Kf4 43. Be2 Ng3 44. Kd3 Rh8 45. Bd2 Rh1 46. Rxf2# 1-0


[Site "https://www.chess.com"]

[Event "Titled Tuesday Blitz June 27 Late 2023"]
[White "Milikow, Yoav"]
[Black "Hakobyan, Aram"]
[WhiteFideId "2822237"]
[BlackFideId "13306677"]
[WhiteElo "2782"]
[BlackElo "3017"]
[Result "0-1"]
[Round "7"]
[TimeControl "180+2"]
[Date "2023.06.27"]
[WhiteClock "0:00:03"]
[BlackClock "0:01:05"]
[Board "18"]

1. d4 g6 2. c4 Bg7 3. Nc3 c5 4. d5 d6 5. e4 Bxc3+ 6. bxc3 e5 7. h4 h6 8. Bd3 Nd7 9. f4 Qf6 10. Ne2 Qe7 11. h5 exf4 12. hxg6 fxg6 13. Nxf4 Ne5 14. O-O Nf6 15. Rb1 Nfg4 16. g3 h5 17. Be2 h4 18. Qe1 h3 19. Kh1 Kd8 20. Bd1 Kc7 21. Qe2 g5 22. Ne6+ Bxe6 23. dxe6 Rhf8 24. Rf5 Qxe6 25. Bc2 Qxc4 26. Qxc4 Nxc4 27. Bxg5 Nce3 28. Bxe3 Nxe3 29. Rxf8 Rxf8 30. Bb3 c4 31. Ba4 Rf2 32. Re1 Ng4 33. Bd1 Rh2+ 34. Kg1 Rg2+ 35. Kh1 Nf2# 0-1


[Site "https://www.chess.com"]

[Event "Titled Tuesday Blitz June 27 Late 2023"]
[White "Salem, A.R. Saleh"]
[Black "Aradhya, Garg"]
[WhiteFideId "9301348"]
[BlackFideId "25006746"]
[WhiteElo "2989"]
[BlackElo "2759"]
[Result "1-0"]
[Round "7"]
[TimeControl "180+2"]
[Date "2023.06.27"]
[WhiteClock "0:00:04"]
[BlackClock "0:00:09"]
[Board "19"]

1. d4 d5 2. c4 e6 3. Nc3 Nf6 4. cxd5 exd5 5. Bg5 c6 6. e3 h6 7. Bh4 Be7 8. Bd3 O-O 9. Nge2 Re8 10. O-O a5 11. Rc1 b5 12. Nb1 Na6 13. Nd2 Bd7 14. Kh1 Rc8 15. Nf3 c5 16. Ne5 c4 17. Bb1 Ng4 18. Bg3 Nxe5 19. dxe5 Be6 20. f4 Bg4 21. h3 Bxe2 22. Qxe2 Qb6 23. Rcd1 Rcd8 24. f5 Bg5 25. Rd4 Bf6 26. Qg4 Bxe5 27. f6 Bxf6 28. Rdf4 Re6 29. Qf5 Kf8 30. Qh7 Ke7 31. Bf5 Nc5 32. Bxe6 Nxe6 33. Rxf6 gxf6 34. Qxh6 Ng5 35. Bh4 Qe6 36. Rxf6 Qxe3 37. Bxg5 Qe4 38. Rd6+ Ke8 39. Rxd8# 1-0


[Site "https://www.chess.com"]

[Event "Titled Tuesday Blitz June 27 Late 2023"]
[White "Santos Ruiz, Miguel"]
[Black "Sanal, Vahap"]
[WhiteFideId "22291482"]
[BlackFideId "6300545"]
[WhiteElo "2778"]
[BlackElo "2972"]
[Result "0-1"]
[Round "7"]
[TimeControl "180+2"]
[Date "2023.06.27"]
[WhiteClock "0:00:00"]
[BlackClock "0:01:22"]
[Board "20"]

1. e4 d6 2. d4 Nf6 3. Nc3 e5 4. Nge2 Nbd7 5. h3 g6 6. Be3 Bg7 7. Qd2 c6 8. a4 O-O 9. g4 exd4 10. Nxd4 Nc5 11. f3 Re8 12. O-O-O Qa5 13. b3 d5 14. exd5 Qb4 15. Kb1 Bd7 16. dxc6 bxc6 17. Ne4 Qxd2 18. Nxf6+ Bxf6 19. Bxd2 Bxd4 20. Bb4 Ne6 21. c3 Rab8 22. Ba5 Rxb3+ 23. Kc2 Reb8 24. cxd4 c5 25. Bb5 Bxb5 26. Kxb3 Be2+ 0-1


[Site "https://www.chess.com"]